 Dungeon Crawl Stone Soup version 0.24-a0-521-g122614bf49 (webtiles) character file.

Game seed: 9112631489157835689

240 GordonOverkill the Ducker (level 5, -1/42 HPs)
             Began as a Demigod Fire Elementalist on July 30, 2019.
             Slain by an ice beast (8 damage)
             ... on level 3 of the Dungeon.
             The game lasted 00:05:52 (3342 turns).

GordonOverkill the Ducker (DgFE)                    Turns: 3342, Time: 00:05:52

Health: -1/42      AC:  6    Str: 12 (13) XL:     5   Next: 50%
Magic:  10/10      EV: 12    Int: 24      God:
Gold:   123        SH:  3    Dex: 15 (16) Spells: 6/7 levels left

rFire    . . .     SeeInvis .   j - +0 hand axe (vamp)
rCold    . . .     Gourm    .   (no shield)
rNeg     . . .     Faith    .   i - +0 ring mail
rPois    .         Spirit   .   b - +0 helmet
rElec    .         Reflect  +   (no cloak)
rCorr    .         Harm     .   (no gloves)
MR       .....                  (no boots)
Stlth    +.........             f - +3 amulet of reflection
HPRegen  0.14/turn              (no ring)
MPRegen  0.12/turn              (no ring)

@: brilliant
A: high mp 1
a: no special abilities


You were on level 3 of the Dungeon.
You were not hungry.

You visited 1 branch of the dungeon, and saw 3 of its levels.

You collected 123 gold pieces.

Inventory:

Hand Weapons
 j - a +0 vampiric hand axe (weapon)
Missiles
 n - 95 stones (quivered)
Armour
 b - a +0 helmet (worn)
 i - a +0 ring mail (worn)
Jewellery
 f - a +3 amulet of reflection (around neck)
Wands
 h - a wand of iceblast (11)
Potions
 d - a potion of curing
 e - a potion of flight
Comestibles
 a - 2 chunks of flesh
 c - 3 rations


   Skills:
 + Level 2.3 Fighting
 * Level 2.6 Axes
 + Level 2.2 Armour
 - Level 3.0 Dodging
 - Level 1.7 Stealth
 - Level 1.7 Spellcasting
 - Level 0.8 Conjurations
 - Level 2.6 Fire Magic


You had 6 spell levels left.
You knew the following spells:

 Your Spells              Type           Power        Failure   Level  Hunger
a - Flame Tongue          Conj/Fire      ####.        1%          1    #......

Your spell library contained the following spells:

 Spells                   Type           Power        Failure   Level  Hunger
 Throw Flame              Conj/Fire      ####..       2%          2    ##.....
 Conjure Flame            Conj/Fire      ####....     4%          3    ###....
 Inner Flame              Hex/Fire       ###.....     5%          3    ###....
 Sticky Flame             Conj/Fire      ####....     14%         4    #####..
 Fireball                 Conj/Fire      ####......   34%         5    ######.


Dungeon Overview and Level Annotations

Branches:
Dungeon (3/15)


Innate Abilities, Weirdness & Mutations

You have an increased reservoir of magic. (+10% MP)


Message History

You are too injured to fight recklessly!
You hit the ice beast but do no damage.
The ice beast is severely wounded.
The ice beast hits you but does no damage.
You are too injured to fight recklessly!
You barely miss the ice beast.
The ice beast is severely wounded.
The ice beast hits you but does no damage.
You are too injured to fight recklessly!
You hit the ice beast but do no damage.
The ice beast is severely wounded.
The ice beast completely misses you.
You are too injured to fight recklessly!
You are too injured to fight recklessly!
You closely miss the ice beast.
The ice beast is severely wounded.
The ice beast hits you.
* * * LOW HITPOINT WARNING * * *
The ice beast freezes you!
You die...

#######).# #........#
#.######.# # #.# #.## .
##.##.# #..# # ....#.# ##.#
# ....# #.#.#.# #.# # #...#
#.#.#.# #.# # #...# #.#.#@#
#.# # #...###.#.#Y#######.#
# #.........h#........#
######....##.....#########.#
).......(.##....Y..........#
............>...........###
###..##.#.##............#
........#)##......#######
###..####.###.###.#


You could see an ice beast and a jackal.

Vanquished Creatures
  Jessica (D:3)
  Ijyb (D:3)
  Natasha (twice) (D:2)
  Robin (D:2)
  4 adders (D:2)
  An ooze (D:1)
  3 worms
  A dart slug (D:1)
  A leopard gecko (D:1)
  5 orcs (D:3)
  2 ball pythons
  6 bats
  2 giant cockroaches
  15 goblins
  6 hobgoblins
  7 jackals
  3 kobolds
  3 frilled lizards (D:1)
  9 rats
73 creatures vanquished.

Notes
Turn   | Place    | Note
-------+----------+-------------------------------------------
     0 | D:1      | GordonOverkill the Demigod Fire Elementalist began the
                  | quest for the Orb.
     0 | D:1      | Reached XP level 1. HP: 14/14 MP: 5/5
   279 | D:1      | Reached skill level 2 in Dodging
   349 | D:1      | Reached XP level 2. HP: 22/22 MP: 5/7
   396 | D:1      | Reached skill level 1 in Fighting
   398 | D:1      | Reached skill level 1 in Armour
   650 | D:1      | Reached XP level 3. HP: 28/28 MP: 4/8
  1535 | D:2      | Reached skill level 1 in Axes
  1907 | D:2      | Reached XP level 4. HP: 36/36 MP: 9/9
  2246 | D:2      | Noticed Natasha
  2263 | D:2      | Killed Natasha
  2444 | D:2      | Noticed Natasha
  2446 | D:2      | Found a glowing golden altar of the Shining One.
  2473 | D:2      | Killed Natasha
  2713 | D:2      | Found a burning altar of Makhleb.
  2713 | D:2      | Noticed a green death
  2716 | D:2      | Noticed a hellwing
  2716 | D:2      | Noticed a smoke demon
  2737 | D:2      | Noticed Robin
  2764 | D:2      | Reached XP level 5. HP: 17/41 MP: 10/10
  2769 | D:2      | Killed Robin
  3152 | D:3      | Noticed Ijyb
  3163 | D:3      | Noticed Jessica
  3172 | D:3      | Killed Ijyb
  3172 | D:3      | Reached skill level 3 in Dodging
  3180 | D:3      | Killed Jessica
  3219 | D:3      | Noticed an ice beast
  3342 | D:3      | Slain by an ice beast

Levels and vault maps discovered:
D:1:      onia_arrival_pentagram, layout_basic, serial_forest,
          infiniplex_forest_clump_diagonal, infiniplex_forest_lined_room_2,
          infiniplex_forest_lined_3, infiniplex_forest_3_way,
          infiniplex_forest_lined_3, infiniplex_forest_lined_2,
          infiniplex_forest_lined_room_3, infiniplex_forest_clump_double,
          serial_bayou_pond_a
D:2:      layout_loops_ring, nicolae_tso_carved_into_rock,
          makhleb_altar_promises_db, uniq_natasha, uniq_robin
D:3:      layout_loops_ring, nicolae_qazlal_general_emergency, uniq_jessica,
          uniq_crazy_yiuf_cottage, uniq_ijyb

Skill      XL: |  1  2  3  4  5 |
---------------+----------------+-----
Dodging        | 2 3 |  3.0
Fighting       | 1 2 |  2.3
Armour         | 1 2 |  2.2
Axes           | 1 2 |  2.6
Stealth        | |  1.7
Spellcasting   | |  1.7
Conjurations   | |  0.8
Fire Magic     | |  2.6

Action                   |  1- 3 |  4- 6 || total
-------------------------+-------+-------++-------
Melee: Dagger            |     7 |       ||     7
       Hand axe          |    22 |   119 ||   141
       Unarmed           |       |     4 ||     4
Throw: Stone             |     2 |       ||     2
 Cast: Flame Tongue      |    65 |    10 ||    75
  Use: Potion            |       |     6 ||     6
       Scroll            |       |     6 ||     6
 Stab: Sleeping          |     1 |       ||     1
  Eat: Chunk             |     1 |     5 ||     6
       Ration            |     1 |       ||     1
Armor: Robe              |     7 |       ||     7
       Ring mail         |       |    55 ||    55
       Skin              |       |     1 ||     1
Dodge: Dodged            |    36 |    86 ||   122
Block: Other             |     2 |    11 ||    13

Table legend:
 A = Non-vault XP
 B = Vault XP
 C = Vault XP percentage of total XP
 D = Non-vault monster count
 E = Vault monster count
 F = Vault count percentage of total count
                 A         B        C        D         E       F
            +---------+---------+-------+---------+---------+-------
      Total |     199 |     145 |  42.2 |      59 |      14 |  19.2
            +---------+---------+-------+---------+---------+-------
        D:1 |      59 |       0 |   0.0 |      32 |       0 |   0.0
        D:2 |     118 |      72 |  37.9 |      20 |      12 |  37.5
        D:3 |      22 |      73 |  76.8 |       7 |       2 |  22.2
            +---------+---------+-------+---------+---------+-------
